AoeStats
← Sid

Socotra

504442012Analyzed
2v2 RM · 27d ago on Sep 5, 2026· 39m 17s· 4 players
Game mode
Random Map
Map size
Tiny (2 player)
Population
200
Speed
Normal
Resources
Standard
Victory
Conquest
Starting age
Dark Age
Ending age
Imperial Age
RankedLock teamsTeams togetherTeam positionsShared explorationLock speedFull tech treeHidden civsTurbo modeCheats
Victory
Defeat
🇨🇳 Goths · China
1268
+16
🇫🇷 Koreans · France
1175
+21
🇯🇵 Shu · Japan
1287
-19
🇯🇵 Magyars · Japan
1260
-18
rower56
1:12 Loom
14:51 Feudal Age
15:13 Horse Collar
17:46 Scale Barding Armor
18:50 Double-Bit Axe
19:56 Bloodlines
20:25 Forging
24:17 Castle Age
22:31 Gold Mining
23:16 Scale Mail Armor
24:21 Light Cavalry
24:38 Pikeman
25:18 Squires
28:16 Chain Barding Armor
30:55 Fervor
32:44 Chain Mail Armor
35:43 Squires
37:39 Wheelbarrow
38:13 Iron Casting
40:04 Hand Cart
Bolchev
6:57 Loom
9:09 Feudal Age
9:47 Double-Bit Axe
13:07 Fletching
14:06 Horse Collar
22:51 Castle Age
20:59 Gold Mining
21:09 Stone Mining
23:42 Bow Saw
22:57 Crossbowman
26:01 Thumb Ring
26:52 Bodkin Arrow
29:42 Ballistics
31:00 Wheelbarrow
30:11 Town Watch
31:59 Gold Shaft Mining
39:03 Imperial Age
39:19 Hand Cart
39:40 Eupseong
fumin.jp
5:51 Loom
10:05 Feudal Age
10:47 Double-Bit Axe
12:10 Town Watch
15:25 Padded Archer Armor
22:23 Castle Age
22:37 Horse Collar
22:48 Gold Mining
22:59 Padded Archer Armor
22:50 Fletching
22:55 Crossbowman
25:12 Bodkin Arrow
26:29 Thumb Ring
30:07 Bow Saw
29:58 Heavy Plow
30:38 Gold Shaft Mining
32:49 Wheelbarrow
Sid
6:24 Loom
9:01 Feudal Age
9:38 Double-Bit Axe
15:03 Horse Collar
23:22 Castle Age
22:36 Wheelbarrow
22:23 Scale Barding Armor
22:56 Bloodlines
23:26 Light Cavalry
24:59 Husbandry
26:46 Chain Barding Armor
27:57 Heavy Plow
29:04 Sanctity
29:21 Fletching
30:06 Bodkin Arrow
35:36 Town Watch
41:36 Imperial Age
Connection lost

Rejoining the realm…

Still unreachable

The connection could not be restored.

Session expired

The server has moved on; the page needs a fresh start.